 Dungeon Crawl Stone Soup version 0.30-a0-626-gd6a5dd7a1f (webtiles) character file.

Game seed: 6541206056629128496

2937 themarg the Martial Artist (level 9, -1/68 HPs)
             Began as a Gnoll Transmuter on Jan 11, 2023.
             Was a Believer of Nemelex Xobeh.
             Engulfed by a cloud of steam (8 damage)
             ... on level 7 of the Dungeon.
             The game lasted 00:15:55 (6118 turns).

themarg the Martial Artist (Gnoll Transmuter)       Turns: 6118, Time: 00:15:56

Health: -1/68      AC:  2    Str: 15    XL:     9   Next: 80%
Magic:  24/28      EV: 24    Int: 16    God:    Nemelex Xobeh [**....]
Gold:   155        SH:  0    Dex: 19    Spells: 12/22 levels left

rFire   . . .      SeeInvis .      - Unarmed
rCold   . . .      Faith    .    (shield currently unavailable)
rNeg    . . .      Spirit   .    (body armour currently unavailable)
rPois   x          Reflect  .    (helmet currently unavailable)
rElec   .          Harm     .    (cloak currently unavailable)
rCorr   .          Rampage  .    (gloves currently unavailable)
Will    .....                    (boots currently unavailable)
Stlth   +++                      F - amulet of regeneration
HPRegen 1.11/turn                j - ring of magical power
MPRegen 0.21/turn                n - +6 ring of strength

@: spider-form, wereblooded (expiring)
A: venomous fangs, tiny, (fangs 1), strong nose, distributed training
a: End Transformation, Renounce Religion, Draw Escape, Draw Destruction, Draw
Summoning


You were on level 7 of the Dungeon.
You worshipped Nemelex Xobeh.
Nemelex Xobeh was pleased with you.
You were a venomous arachnid creature.
You visited 1 branch of the dungeon, and saw 7 of its levels.
You also visited: Sewer.

You collected 455 gold pieces.
You spent 300 gold pieces at shops.

Inventory:

Missiles
 g - 53 stones
 I - a throwing net
Armour
 a - a +0 robe (melded)
 d - a +0 pair of boots (melded)
 e - a +2 leather armour of fire resistance
 z - a +0 pair of gloves (melded)
 E - a +0 cloak (melded)
 L - a +0 helmet (melded)
Jewellery
 j - a ring of magical power (left front pincers)
 n - a +6 ring of strength (right front pincers)
 F - an amulet of regeneration (around neck)
 H - a ring of resist corrosion
Wands
 t - a wand of mindburst (11)
 u - a wand of iceblast (14)
 J - a wand of flame (11)
Scrolls
 c - 2 scrolls of blinking {unknown}
 f - 2 scrolls of enchant weapon {unknown}
 h - 5 scrolls of teleportation
 m - a scroll of fear {unknown}
 o - a scroll of acquirement {unknown}
 q - a scroll of torment {unknown}
 v - 2 scrolls of brand weapon {unknown}
 y - 2 scrolls of enchant armour {unknown}
 A - 3 scrolls of poison {unknown}
 B - a scroll of magic mapping {unknown}
 D - a scroll of amnesia {unknown}
 G - a scroll of vulnerability {unknown}
 K - a scroll of fog {unknown}
Potions
 b - 6 potions of lignification
 i - 2 potions of invisibility
 k - 2 potions of brilliance
 l - 4 potions of cancellation
 p - 2 potions of resistance
 r - 2 potions of might
 s - 2 potions of mutation
 x - 7 potions of curing
 C - 6 potions of flight


   Skills:
 + Level 5.5 Fighting
 + Level 4.7 Short Blades
 + Level 4.7 Long Blades
 + Level 4.7 Axes
 + Level 4.7 Maces & Flails
 + Level 4.7 Polearms
 + Level 4.7 Staves
 + Level 4.7 Ranged Weapons
 + Level 4.7 Throwing
 + Level 4.7 Armour
 + Level 6.7 Dodging
 + Level 4.7 Stealth
 + Level 4.7 Shields
 + Level 8.2 Unarmed Combat
 + Level 7.0 Spellcasting
 + Level 3.9 Conjurations
 + Level 3.9 Hexes
 + Level 3.9 Summonings
 + Level 3.9 Necromancy
 + Level 3.9 Translocations
 + Level 5.5 Transmutations
 + Level 3.9 Fire Magic
 + Level 3.9 Ice Magic
 + Level 3.9 Air Magic
 + Level 3.9 Earth Magic
 + Level 3.9 Poison Magic
 + Level 5.2 Invocations
 + Level 4.7 Evocations


You had 12 spell levels left.
You knew the following spells:

 Your Spells              Type           Power      Damage    Failure   Level
a - Beastly Appendage     Tmut           46%        N/A       6%          1
b - Wereblood             Tmut           23%        N/A       8%          2
c - Spider Form           Tmut/Pois      20%        N/A       16%         3
d - Ice Form              Ice/Tmut       20%        N/A       36%         4

Your spell library contained the following spells:

 Spells                   Type           Power      Damage    Failure   Level
 Necrotise                Necr           72%        1d7       10%         1
 Slow                     Hex            72%        N/A       10%         1
 Confusing Touch          Hex            18%        N/A       21%         3
 Vampiric Draining        Necr           18%        2d7       21%         3
 Agony                    Necr           18%        N/A       77%         5


Dungeon Overview and Level Annotations

Branches:
Dungeon (7/15)             Temple (0/1) D:5           Sewer (visited)

Altars:
Gozag
Nemelex Xobeh
Okawaru
Sif Muna
Trog
Wu Jian

Shops:
D:4 *   D:5 !

Annotations:
D:1 1 exclusion


Innate Abilities, Weirdness & Mutations

You are a venomous arachnid creature.
You have venomous fangs.
You are tiny and dextrous.
Your spellcasting is less reliable in this form.
Your armour is entirely melded.
You are incapable of wielding weapons or throwing items.
((You have very sharp teeth.))
Your uncanny sense of smell can sniff out nearby items.
Your experience applies equally to all skills.


Message History

The hound bites you but does no damage.
You warm up again.
Your +0 cloak unmelds from your body.
Your +0 helmet unmelds from your body.
Your +0 pair of gloves unmelds from your body.
Your +0 pair of boots unmelds from your body.
Your +0 robe unmelds from your body.
You turn into a venomous arachnid creature.
Your +0 cloak melds into your body.
Your +0 helmet melds into your body.
Your +0 pair of gloves melds into your body.
Your +0 pair of boots melds into your body.
Your +0 robe melds into your body.
Your primal bloodlust is almost over.
The hound bites you but does no damage. The steam dragon breathes steam at you.
The ball of steam misses you. The hound completely misses you.
You hear a shout!
You hit the hound.
The hound is severely wounded.
You are engulfed in a cloud of scalding steam.
The hound bites you. The hound completely misses you.
You bite the hound!
You feel a bit better.
You kill the hound!
You hiss as the wereblood boils in your veins!
You hiss as the wereblood boils in your veins!
The steam dragon breathes steam at you. The ball of steam hits you!!
* * * LOW HITPOINT WARNING * * *
The steam dragon breathes steam at you. The ball of steam misses you.
You draw... (choose one card, ? for their descriptions) a - Exile b - Velocity
c - the Tomb You have drawn Exile.
The steam dragon is devoured by a tear in reality.
You can no longer choose one out of three cards.
You are engulfed in a cloud of scalding steam.
You die...
Your body glows slightly and disappears.

##..### #..........
#.....###..........
#..#....!.§§§.....
#..#......§.......
###....#.[...§...#
##.#...###§.......#
#...##.##..§§.§...###.
##..#.....[§.§........
##......##)§§s§.....>. ##
#......###...§§§......
.###.#.#.###....§........
.#...###.#####...........
......#..................
.........................
.........................
.................##......
................## ...


There were no monsters in sight!

Vanquished Creatures
  Pikel (D:6)
  A manticore (D:7)
  Edmund (D:5)
  Menkaure (D:6)
  A water moccasin (D:7)
  2 ice beasts
  A sky beast (D:7)
  A black bear (D:5)
  An ogre (D:6)
  3 phantoms
  3 lemures (D:6)
  Blork the orc (D:6)
  2 necrophages
  A scorpion (D:6)
  A gnoll sergeant (D:6)
  2 howler monkeys
  5 hounds
  2 orc priests (D:7)
  2 jellies (D:5)
  Crazy Yiuf (D:4)
  3 iguanas
  8 gnolls
  11 adders
  6 river rats (Sewer)
  A shadow imp (D:7)
  A white imp (D:7)
  An ufetubus (D:5)
  6 dart slugs
  7 orcs
  16 ball pythons
  4 endoplasms
  11 giant cockroaches
  6 goblins
  7 hobgoblins
  6 jackals
  4 kobolds
  10 quokkas
  11 bats
  2 frilled lizards
  7 rats
161 creatures vanquished.

Vanquished Creatures (others)
  2 orcs (D:4)
  A plant (D:1)
3 creatures vanquished.

Grand Total: 164 creatures vanquished

Notes
Turn   | Place    | Note
-------+----------+-------------------------------------------
     0 | D:1      | themarg the Gnoll Transmuter began the quest for the Orb.
     0 | D:1      | Reached XP level 1. HP: 17/17 MP: 6/6
    96 | D:1      | Reached XP level 2. HP: 23/23 MP: 5/7
   100 | D:1      | Learned a level 2 spell: Wereblood
   515 | D:1      | You fall into a shaft and drop 1 floor!
   532 | D:1      | Reached skill level 5 in Spellcasting
   532 | D:1      | Reached XP level 3. HP: 26/28 MP: 6/9
   538 | D:1      | Learned a level 3 spell: Spider Form
   610 | D:1      | Reached skill level 1 in Invocations
   829 | D:2      | Reached skill level 1 in Short Blades
   829 | D:2      | Reached skill level 1 in Long Blades
   829 | D:2      | Reached skill level 1 in Axes
   829 | D:2      | Reached skill level 1 in Maces & Flails
   829 | D:2      | Reached skill level 1 in Polearms
   829 | D:2      | Reached skill level 1 in Staves
   829 | D:2      | Reached skill level 1 in Ranged Weapons
   829 | D:2      | Reached skill level 1 in Throwing
   829 | D:2      | Reached skill level 1 in Armour
   829 | D:2      | Reached skill level 1 in Stealth
   829 | D:2      | Reached skill level 1 in Shields
   829 | D:2      | Reached skill level 1 in Evocations
  1150 | D:2      | Reached XP level 4. HP: 34/34 MP: 11/11
  1590 | D:3      | Found a sparkling altar of Nemelex Xobeh.
  1610 | D:3      | Became a worshipper of Nemelex Xobeh the Trickster
  1785 | D:3      | Reached skill level 1 in Conjurations
  1785 | D:3      | Reached skill level 1 in Hexes
  1785 | D:3      | Reached skill level 1 in Summonings
  1785 | D:3      | Reached skill level 1 in Necromancy
  1785 | D:3      | Reached skill level 1 in Translocations
  1785 | D:3      | Reached skill level 1 in Fire Magic
  1785 | D:3      | Reached skill level 1 in Ice Magic
  1785 | D:3      | Reached skill level 1 in Air Magic
  1785 | D:3      | Reached skill level 1 in Earth Magic
  1785 | D:3      | Reached skill level 1 in Poison Magic
  2009 | D:3      | Found an iron altar of Okawaru.
  2094 | D:3      | Found an ornate altar of the Wu Jian Council.
  2173 | D:4      | Noticed a phantom
  2182 | D:4      | Killed a phantom
  2183 | D:4      | Reached XP level 5. HP: 36/41 MP: 12/12
  2198 | D:4      | Reached XP level 6. HP: 36/47 MP: 13/13
  2225 | D:4      | Found a glowing drain.
  2241 | Sewer    | Entered a sewer
  2275 | Sewer    | Reached skill level 5 in Dodging
  2319 | Sewer    | Reached * piety under Nemelex Xobeh
  2446 | Sewer    | Received a gift from Nemelex Xobeh
  3088 | D:4      | Reached skill level 7 in Unarmed Combat
  3088 | D:4      | Reached XP level 7. HP: 47/52 MP: 15/15
  3359 | D:4      | Found Ynnie's Overcharged Wands.
  3791 | D:4      | Found a runed translucent door.
  3792 | D:4      | Noticed Crazy Yiuf
  3798 | D:4      | Killed Crazy Yiuf
  3846 | D:5      | Entered Level 5 of the Dungeon
  3864 | D:5      | Found an opulent altar of Gozag.
  3983 | D:5      | Noticed Edmund
  4002 | D:5      | Killed Edmund
  4077 | D:5      | Reached ** piety under Nemelex Xobeh
  4111 | D:5      | Found a staircase to the Ecumenical Temple.
  4127 | D:5      | Reached XP level 8. HP: 60/60 MP: 16/16
  4346 | D:5      | Received a gift from Nemelex Xobeh
  4562 | D:5      | Found Woydu's Distillery.
  4568 | D:5      | Bought a potion of curing for 36 gold pieces
  4568 | D:5      | Bought a potion of curing for 36 gold pieces
  4568 | D:5      | Bought a potion of cancellation for 96 gold pieces
  4568 | D:5      | Bought a potion of curing for 36 gold pieces
  4568 | D:5      | Bought a potion of invisibility for 96 gold pieces
  4795 | D:6      | Noticed Menkaure
  4805 | D:6      | Killed Menkaure
  5004 | D:6      | Noticed Pikel
  5105 | D:6      | Noticed Blork the orc
  5118 | D:6      | Killed Blork the orc
  5165 | D:6      | Reached skill level 5 in Transmutations
  5252 | D:6      | Killed Pikel
  5253 | D:6      | Reached skill level 5 in Fighting
  5253 | D:6      | Reached XP level 9. HP: 57/68 MP: 18/18
  5258 | D:6      | Learned a level 4 spell: Ice Form
  5337 | D:6      | Found a bloodstained altar of Trog.
  5724 | D:6      | Found a shimmering blue altar of Sif Muna.
  5982 | D:7      | Noticed a manticore
  5990 | D:7      | Killed a manticore
  5991 | D:7      | Reached skill level 8 in Unarmed Combat
  5991 | D:7      | Reached skill level 5 in Invocations
  6008 | D:7      | Received a gift from Nemelex Xobeh
  6084 | D:7      | Reached *** piety under Nemelex Xobeh
  6118 | D:7      | Engulfed by a cloud of steam

Illustrated notes

Levels and vault maps discovered:
D:1:      elethiomel_arrival_quiet, layout_basic, serial_park_tiny_2,
          serial_park_tiny_pond, serial_bayou_pond_b, minmay_surrounded
D:2:      layout_basic, minmay_quantized
D:3:      layout_rooms, mainiacjoe_overflow_small_starburst,
          nzn_wu_jian_council_hall, overflow_temple_1_default,
          kennysheep_generic_room_10
D:4:      layout_loops_ring, gup_sewer_entry_pipe,
          nicolae_shop_overcharged_wands, uniq_crazy_yiuf_cottage
D:5:      layout_gridville, mainiacjoe_overflow_surrounded_room,
          minmay_temple_entry_mist, serial_shops, kennysheep_little_box,
          hangedman_abyss_or_decor_stabs, uniq_edmund
D:6:      layout_loops_ring, mainiacjoe_overflow_concentric_impassable,
          led_sif_pool, uniq_pikel, uniq_menkaure, uniq_blork_the_orc
D:7:      layout_cave_pools, kennysheep_mini, nrook_mini_vaults

Skill      XL: |  1  2  3  4  5  6  7  8  9 |
---------------+----------------------------+-----
Spellcasting   | 5 6 7 |  7.0
Invocations    | 1 2 3 4 5 |  5.2
Short Blades   | 1 2 3 4 |  4.7
Long Blades    | 1 2 3 4 |  4.7
Axes           | 1 2 3 4 |  4.7
Maces & Flails | 1 2 3 4 |  4.7
Polearms       | 1 2 3 4 |  4.7
Staves         | 1 2 3 4 |  4.7
Ranged Weapons | 1 2 3 4 |  4.7
Throwing       | 1 2 3 4 |  4.7
Armour         | 1 2 3 4 |  4.7
Stealth        | 1 2 3 4 |  4.7
Shields        | 1 2 3 4 |  4.7
Evocations     | 1 2 3 4 |  4.7
Conjurations   | 1 2 3 |  3.9
Hexes          | 1 2 3 |  3.9
Summonings     | 1 2 3 |  3.9
Necromancy     | 1 2 3 |  3.9
Translocations | 1 2 3 |  3.9
Fire Magic     | 1 2 3 |  3.9
Ice Magic      | 1 2 3 |  3.9
Air Magic      | 1 2 3 |  3.9
Earth Magic    | 1 2 3 |  3.9
Poison Magic   | 1 2 3 |  3.9
Fighting       | 3 4 5 |  5.5
Transmutations | 4 5 |  5.5
Dodging        | 5 6 |  6.7
Unarmed Combat | 7 8 |  8.2

Action                   |  1- 3 |  4- 6 |  7- 9 || total
-------------------------+-------+-------+-------++-------
Melee: Unarmed           |    82 |   123 |   201 ||   406
       Kick              |    13 |     3 |       ||    16
       Headbutt          |     6 |     1 |       ||     7
       Bite              |     3 |       |       ||     3
       Punch             |     1 |       |       ||     1
 Cast: Beastly Appendage |    17 |     2 |       ||    19
       Wereblood         |     3 |     4 |     3 ||    10
       Spider Form       |       |    24 |    34 ||    58
       Ice Form          |       |       |     4 ||     4
Invok: Triple Draw       |       |       |     1 ||     1
  Use: Scroll            |       |     1 |     5 ||     6
 Stab: Sleeping          |     1 |     3 |     2 ||     6
Armor: Robe              |     9 |     6 |       ||    15
       Skin              |       |     4 |    13 ||    17
Dodge: Dodged            |    39 |   121 |   135 ||   295

Table legend: (Time is in decaauts)
 A = Elapsed time spent in this place.
 B = Non-inter-level travel time spent in this place.
 C = Inter-level travel time spent in this place.
 D = Time resting spent in this place.
 E = Time spent auto-exploring this place.
 F = Levels seen in this place.
 G = Mean time per level.
                   A        B        C        D        E       F      G
               +--------+--------+--------+--------+--------+-----+--------+
         Total |   6242 |   6043 |    199 |     93 |   4619 |   8 |  780.2 |
       Dungeon |   5315 |   5116 |    199 |     10 |   4072 |   7 |  759.3 |
         Sewer |    926 |    926 |      0 |     83 |    546 |   1 |  926.0 |
               +--------+--------+--------+--------+--------+-----+--------+

Top non-repeatable levels by time:
     D:6: 1123 daAuts
     D:5: 929 daAuts
   Sewer: 926 daAuts
     D:4: 915 daAuts
     D:2: 842 daAuts
     D:1: 738 daAuts
     D:3: 569 daAuts
     D:7: 197 daAuts
